 Dungeon Crawl Stone Soup version 0.19.0-26-g9e9c210 (webtiles) character file.

67 Melicamp the Sneak (level 3, 0/24 HPs)
             Began as a Vampire Enchanter on Nov 23, 2016.
             Killed by divine providence
             ... invoked by an orc priest
              (14 damage)
             ... on level 3 of the Dungeon.
             The game lasted 00:15:13 (3589 turns).

Melicamp the Sneak (Vampire Enchanter)              Turns: 3589, Time: 00:15:15

Health: 0/24       AC:  3    Str:  7    XL:     3   Next: 98%
Magic:  4/6        EV: 13    Int: 17    God:
Gold:   165        SH:  0    Dex: 15    Spells: 3 memorised, 0 levels left

rFire  . . .     SeeInvis +     a - +1 dagger
rCold  + + .     Gourm    .     b - +1 robe
rNeg   + + +     Faith    .     (no shield)
rPois  ∞         Spirit   .     (no helmet)
rElec  .         Reflect  .     (no cloak)
rCorr  .         Harm     .     (no gloves)
MR     .....                    (no boots)
Stlth  +++++.....               (no amulet)
                                (no ring)
                                (no ring)

@: bloodless, non-regenerating
A: fangs 3, see invisible, unbreathing
a: Bat Form


You were on level 3 of the Dungeon.
You were bloodless.

You visited 1 branch of the dungeon, and saw 3 of its levels.

You collected 165 gold pieces.

Inventory:

Hand Weapons
 a - a +1 dagger (weapon)
 f - a +2 glaive of venom
 g - a +0 dagger of speed
 j - a +2 dagger of speed
 m - a +1 dagger of venom
Armour
 b - a +1 robe (worn)
Jewellery
 k - a cursed -2 ring of dexterity {unknown}
Scrolls
 n - a scroll of amnesia
Potions
 d - 8 potions of blood
 e - a potion of heal wounds
 h - 3 potions of curing
 i - a potion of cancellation
 l - a potion of lignification {unknown}
 o - a potion of brilliance {unknown}
Books
 c - a book of Maledictions

   Spells                             Type                      Level
   a - Corona                         Hexes                        1
   b - Ensorcelled Hibernation        Hexes/Ice                    2
   c - Confuse                        Hexes                        3
   d - Tukima's Dance                 Hexes                        3
   e - Dazzling Spray                 Conjuration/Hexes            3


   Skills:
 * Level 3.5 Short Blades
 - Level 2.1 Dodging
 + Level 5.6 Stealth
 - Level 2.0 Spellcasting
 - Level 4.4 Hexes


You couldn't memorise any spells.
You knew the following spells:

 Your Spells              Type           Power        Failure   Level  Hunger
a - Corona                Hex            ###....      3%          1    #......
b - Ensorcelled Hibernat  Hex/Ice        #.....       14%         2    ###....
c - Confuse               Hex            ###.....     12%         3    ###....


Dungeon Overview and Level Annotations

Branches:
Dungeon (3/15)

Altars:
Ru


Innate Abilities, Weirdness & Mutations

You do not heal naturally.
You are immune to poison.
You have razor-sharp teeth.
You have supernaturally acute eyesight. (SInv)
You can survive without breathing.


Message History

The bat completely misses you. The bat hits you.
The bat hits you but does no damage. x2
The bat hits you but does no damage. The bat barely misses you.
The bat hits you but does no damage.
Your magical contamination has completely faded away.
The bat barely misses you. The bat misses you. The bat barely misses you. x2
The bat barely misses you. The bat closely misses you.
The bat hits you but does no damage. The bat misses you.
You miss the bat. The bat closely misses you.
You hit the bat. Your bite misses the bat.
The bat is severely wounded.
The bat hits you but does no damage. The bat barely misses you.
The orc priest invokes the aid of Beogh against you.
Beogh smites you!
Ouch! That really hurt!
You die...

###########.#
#.# #o#
######### #.#
#.......#
#########.#
#.#####.#
#.o.o.....#
#.....#.#
#.######..#
#####.#.# #b#
#..# #.#.#
#@# #..#
#.#.#####.#
#..#
#.#.......#
####..#
#.#########
#.....##
#.#......#
#.##...#
#.......)#
#.####.#
###.######
#.# #.# #[#
#.####.# #.#
#....).#


You could see an orc priest and a bat.

Vanquished Creatures
  A gnoll (D:1)
  3 dart slugs
  2 leopard geckos
  An orc (D:3)
  2 bats (D:1)
  2 giant cockroaches (D:1)
  11 hobgoblins
  A frilled lizard (D:1)
  6 goblins
  9 kobolds
  7 rats
45 creatures vanquished.

Notes
Turn   | Place    | Note
-------+----------+-------------------------------------------
     0 | D:1      | Melicamp the Vampire Enchanter began the quest for the Orb.
     0 | D:1      | Reached XP level 1. HP: 13/13 MP: 3/3
   168 | D:1      | Reached XP level 2. HP: 8/19 MP: 3/5
   805 | D:1      | Learned a level 2 spell: Ensorcelled Hibernation
   951 | D:1      | Reached skill level 5 in Stealth
  1285 | D:1      | Reached XP level 3. HP: 23/24 MP: 1/6
  1495 | D:1      | Learned a level 3 spell: Confuse
  2397 | D:2      | Found a sacrificial altar of Ru.
  3589 | D:3      | Killed from afar by an orc priest

Skill      XL: |  1  2  3 |
---------------+----------+-----
Short Blades   | 2 3 |  3.5
Stealth        | 5 |  5.6
Dodging        | |  2.1
Spellcasting   | |  2.0
Hexes          | |  4.4

Action                   || total
-------------------------++-------
Melee: Dagger            ||   131
       Bite              ||     9
 Cast: Corona            ||    35
       Ensorcelled Hiber ||    20
  Use: Scroll            ||     6
 Stab: Sleeping          ||    18
Armor: Robe              ||    32
Dodge: Dodged            ||    89
